 Dungeon Crawl Stone Soup version 0.17-a0-1979-g1c74939 (webtiles) character file.

30 Shim the Grasshopper (level 3, 0/25 HPs)
             Began as a High Elf Warper on Oct 5, 2015.
             Succumbed to an adder's poison
             ... on level 1 of the Dungeon.
             The game lasted 00:06:53 (2224 turns).

Shim the Grasshopper (High Elf Warper)              Turns: 2224, Time: 00:06:53

Health: 0/25       AC:  3    Str: 10    XL:     3   Next: 3%
Magic:  7/7        EV: 12    Int: 16    God:
Gold:   43         SH:  0    Dex: 16    Spells: 1 memorised, 6 levels left

rFire  . . .     SeeInvis .     a - +0 short sword
rCold  . . .     Clarity  .     b - +0 leather armour
rNeg   . . .     SustAt   .     (no shield)
rPois  .         Gourm    .     (no helmet)
rElec  .         Spirit   .     (no cloak)
rCorr  .         Warding  .     (no gloves)
rMut   .         Stasis   .     (no boots)
MR     .....                    (no amulet)
Stlth  +.........               (no ring)
                                (no ring)

@: lethally poisoned (0 -> -1), very slightly contaminated, not resistant to
hostile enchantments, very unstealthy
A: no striking features
a: no special abilities


You were on level 1 of the Dungeon.
You were not hungry.

You visited 1 branch of the dungeon, and saw 2 of its levels.

You collected 43 gold pieces.

Inventory:

Hand Weapons
 a - a +0 short sword (weapon)
Missiles
 e - 5 tomahawks of dispersal
 h - 16 poisoned needles
 k - 64 arrows
 m - 13 arrows of flame
 o - 29 stones (quivered)
Armour
 b - a +0 leather armour (worn)
Jewellery
 n - a -4 ring of evasion
Scrolls
 g - 2 scrolls of identify
 j - a scroll of fear {unknown}
 l - a scroll of amnesia {unknown}
 p - a scroll of remove curse
 r - a scroll of teleportation {unknown}
Books
 c - a book of Spatial Translocations

   Spells                             Type                      Level
   a - Apportation                    Translocation                1
   b - Blink                          Translocation                2
   c - Shroud of Golubria             Charms/Translocation         2
   d - Portal Projectile              Translocation                3
   e - Teleport Other                 Translocation                3
   f - Passage of Golubria            Translocation                4
Comestibles
 f - a bread ration
 i - 2 meat rations
 q - 2 chunks of flesh


   Skills:
 + Level 2.3 Fighting
 + Level 3.0 Short Blades
 + Level 1.1 Throwing
 + Level 1.1 Armour
 + Level 2.7 Dodging
 + Level 0.2 Stealth
 + Level 2.5 Spellcasting
 + Level 3.4 Translocations


You had 6 spell levels left.
You knew the following spells:

 Your Spells              Type           Power        Failure   Level  Hunger
a - Apportation           Tloc           ##........   8%          1    #......


Dungeon Overview and Level Annotations

Branches:
Dungeon (2/15)

Altars:


Message History

Press: ? - help, Dir - move target cursor, p - adder You are very lightly contaminated with residual magic.
As you read the scroll of blinking, it crumbles to dust.
* * * LOW HITPOINT WARNING * * *
You feel sick.
Found 7 gold pieces.
* * * LOW HITPOINT WARNING * * *
You feel sick.
There is a stone staircase leading up here.
* * * LOW HITPOINT WARNING * * *
You feel sick.
You climb upwards.
There is a stone staircase leading down here.
* * * LOW HITPOINT WARNING * * *
You feel sick.
* * * LOW HITPOINT WARNING * * *
You feel sick.
* * * LOW HITPOINT WARNING * * *
You feel sick.
You die...

########.############
#.....##.### #.###......#
#.#....###.########## ###
#.#.#).# #..........# ..# #####
#......###.##...###.# #.#
##...#####.##.....##........
#.####..#..####.####.####...#####
#......###.##..[@.....>.......#
#.####..#..#...............##.#
#.# ##...##..#.####.########.#
..# ##......#.# #.# #.#
########.###.##.# #.# #.#
..........##....# ##.# #####.#
########..##..### #..# #.....# #
#..##..# #.## #.##### #).....#
#.# #.#


There were no monsters in sight!

Vanquished Creatures
  An ooze (D:1)
  2 giant geckos (D:1)
  2 bats (D:1)
  3 giant cockroaches
  A goblin (D:1)
  6 hobgoblins
  2 jackals (D:1)
  3 kobolds (D:1)
  2 rats (D:1)
22 creatures vanquished.

Notes
Turn   | Place    | Note
--------------------------------------------------------------
     0 | D:1      | Shim the High Elf Warper began the quest for the Orb.
     0 | D:1      | Reached XP level 1. HP: 14/14 MP: 4/4
   578 | D:1      | Reached XP level 2. HP: 12/19 MP: 6/6
   806 | D:1      | Reached skill level 1 in Armour
  2158 | D:2      | Reached XP level 3. HP: 25/25 MP: 7/7
  2216 | D:1      | HP: 1/25 [poisoned by an adder]
  2224 | D:1      | Succumbed to an adder's poison

Vault maps used:
D:1:      dpeg_arrival_tiny_b
D:2:      overflow_temple_1_default,
          nicolae_gozag_cash_rules_everything_around_me, ecumenical_altar_1,
          nicolae_dithmenos_through_a_glass_darkly

Action                   || total
-------------------------++-------
Melee: Short sword       ||    88
Throw: Stone             ||    11
  Use: Scroll            ||     3
  Eat: Chunk             ||     4
